 Dungeon Crawl Stone Soup version 0.31-a0-816-gd61d57ddb1 (webtiles) character file.

Game seed: 904419330542088034

4648 dohliylev the Thaumaturge (level 10, -9/63 HPs)
             Began as a Mummy Necromancer on Sept 22, 2023.
             Was an Initiate of Yredelemnul.
             Mangled by a troll (13 damage)
             ... on level 9 of the Dungeon.
             The game lasted 00:34:22 (8496 turns).

dohliylev the Thaumaturge (Mummy Necromancer)       Turns: 8496, Time: 00:34:24

Health: -9/63      AC:  7    Str: 12    XL:     10   Next: 20%
Magic:  20/25      EV: 13    Int: 25    God:    Yredelemnul [......]
Gold:   421        SH:  0    Dex: 14    Spells: 23/32 levels left

rFire   . . .        a - +5 falchion "Doynk" {freeze, rF+ Dex+2}
rCold   + + .        (no shield)
rNeg    + + +        r - +2 robe {rC+}
rPois   ∞            j - +0 helmet
rElec   .            t - +0 cloak
rCorr   .            (no gloves)
SInv    .            k - +0 pair of boots
Will    +....        q - amulet of magic regeneration
Stlth   ++           x - +6 ring of intelligence
HPRegen 0.30/turn    i - ring of wizardry
MPRegen 0.59/turn

%: faith, wizardry (x1)
@: no status effects
A: cold resistance 1, negative energy resistance 3, torment resistance 2, heat
vulnerability 1, in touch with death 1, no potions, faith
a: Renounce Religion, Recall Undead Harvest


You were on level 9 of the Dungeon.
You worshipped Yredelemnul.
Yredelemnul was noncommittal.
You visited 2 branches of the dungeon, and saw 10 of its levels.
You also visited: Sewer.

You collected 421 gold pieces.

Inventory:

Hand Weapons
 a - the +5 falchion "Doynk" (weapon) {freeze, rF+ Dex+2}
   (You found it on level 3 of the Dungeon)

   Dex+2:     It affects your dexterity (+2).
   rF+:       It protects you from fire.
Armour
 e - +0 steam dragon scales
 j - a +0 helmet (worn)
 k - a +0 pair of boots (worn)
 r - a +2 robe of cold resistance (worn)
 t - a +0 cloak (worn)
Jewellery
 f - a ring of flight
 i - a ring of wizardry (right hand)
 q - an amulet of magic regeneration (around neck)
 v - a ring of fire
 w - a +4 ring of protection
 x - a +6 ring of intelligence (left hand)
Wands
 h - a wand of digging (6)
 s - a wand of flame (19)
 A - a wand of polymorph (7)
Scrolls
 b - a scroll of teleportation
 c - a scroll of blinking
 d - a scroll of brand weapon {unknown}
 g - 3 scrolls of fog {unknown}
 l - a scroll of enchant armour {unknown}
 m - a scroll of amnesia {unknown}
 n - a scroll of enchant weapon {unknown}
 o - a scroll of identify
 p - 2 scrolls of immolation {unknown}
 u - a scroll of acquirement {unknown}
 y - 2 scrolls of revelation
 z - a scroll of vulnerability {unknown}


   Skills:
 + Level 4.4 Dodging
 + Level 3.3 Stealth
 + Level 11.7 Spellcasting
 + Level 10.6 Necromancy


You had 23 spell levels left.
You knew the following spells:

 Your Spells              Type           Power      Damage    Failure   Level
a - Necrotise             Necr           100%       1d9       1%          1
b - Vampiric Draining     Necr           80%        2d11      1%          3
c - Agony                 Necr           80%        N/A       1%          5

Your spell library contained the following spells:

 Spells                   Type           Power      Damage    Failure   Level
 Volatile Blastmotes      Fire/Tloc      28%        2d12      4%          3
 Fulminant Prism          Conj/Hex       7%         3d7       16%         4
 Iskenderun's Mystic Bla  Conj/Tloc      14%        2d5       16%         4
 Animate Dead             Necr           Unusable   N/A       N/A         4

Dungeon Overview and Level Annotations

Branches:
Dungeon (9/15)             Temple (1/1) D:6            Lair (0/5) D:8
  Sewer (visited)
    Orc: D:9-12

Altars:
Ashenzari
Cheibriados
Dithmenos
Fedhas
Gozag
Hepliaklqana
Kikubaaqudgha
Makhleb
Nemelex Xobeh
Okawaru
Qazlal
Ru
Sif Muna
Trog
Uskayaw
Vehumet
Wu Jian
Xom
Yredelemnul

Shops:
D:6 :   D:7 (


Innate Abilities, Weirdness & Mutations

You are immune to poison.
Your flesh is cold resistant. (rC+)
You are immune to negative energy. (rN+++)
You are immune to unholy pain and torment.
You are vulnerable to heat. (rF-)
You are in touch with the powers of death.
You do not drink.
You have a special connection with the divine. (Faith)


Message History

The troll misses you. The troll claws you! x2
Your howler monkey zombie closely misses the howler monkey.
The howler monkey barely misses you. The troll bites you!
The troll claws you but does no damage. The troll claws you.
Your howler monkey zombie hits the howler monkey.
Casting: Necrotise (safe; 1% risk of failure)
Confirm with . or Enter, or press ? or * to list all spells.
Aiming: Vampiric Draining (safe; 1% risk of failure)
Press: ? - help, Shift-Dir - straight line, f - howler monkey
Aim: a howler monkey (almost dead, ally target)
You feel a surge of power!
You draw life force from the howler monkey!
You kill the howler monkey!
You feel life coursing into your body.
The dead are walking!
The troll bites you!
* * * LOW HITPOINT WARNING * * *
The troll barely misses you. The troll claws you!
* * * LOW HITPOINT WARNING * * *
Your howler monkey zombie hits the troll.
The troll bites your howler monkey zombie!
The troll claws your howler monkey zombie.
The troll claws your howler monkey zombie!
Your howler monkey zombie is destroyed!
Your howler monkey zombie barely misses the troll.
There is an open door here.
Casting: Vampiric Draining (safe; 1% risk of failure)
Confirm with . or Enter, or press ? or * to list all spells.
Aiming: Necrotise (safe; 1% risk of failure)
Press: ? - help, Shift-Dir - straight line, f - troll
Aim: a troll (lightly wounded, ally target, chance to affect: 83%)
You feel a surge of power!
The troll writhes in agony!
Casting: Necrotise (safe; 1% risk of failure)
Confirm with . or Enter, or press ? or * to list all spells.
Aiming: Vampiric Draining (safe; 1% risk of failure)
Press: ? - help, Shift-Dir - straight line, f/p - troll
Aim: a troll (moderately wounded, ally target)
You feel a surge of power!
You draw life force from the troll.
You feel life coursing into your body. The troll bites you!
You die...
You join the legions of the undead harvest.

.. ... ...# ...# ### ...# # ..#
### ... #.#+# #.##########.# ...#
#....####.##.......#.# ##.#
#....#.##.##.......#.# ...#
#....@T............... ###
#....#Z......####....# .#####
#....'.........##.##.# .....#
#....#.#.......##.##.# ####.#
#....#.........##.##.. #.#
#..............##.##.#
####.#######.#+##.....(...##.##.#
#............. ..........##.##..
.......#####.#.##.#.......##.##..


You could see a troll (ally target) and a friendly howler monkey zombie.

Vanquished Creatures
  4 yaks
  3 steam dragons
  3 water moccasins
  2 black bears
  3 sky beasts
  2 ogres
  4 centaurs
  A phantom (D:6)
  3 kobold brigands
  Blork the orc (D:4)
  4 bullfrogs (D:7)
  A gnoll sergeant (D:7)
  7 scorpions
  3 howler monkeys (D:9)
  2 orc priests (D:4)
  6 hounds
  3 jellies
  A sleepcap (D:7)
  Natasha (thrice) (D:2)
  Terence (D:3)
  An orc wizard (D:8)
  2 iguanas (D:4)
  Robin (D:3)
  6 gnolls
  8 adders
  A river rat (Sewer)
  2 shadow imps
  A white imp (D:4)
  An ufetubus (D:4)
  8 worms
  2 dart slugs
  11 orcs
  7 ball pythons
  9 endoplasms
  8 giant cockroaches
  13 goblins
  10 hobgoblins
  2 quokkas
  2 bats (D:1)
  3 frilled lizards
  A goblin skeleton (D:4)
  3 hobgoblin zombies (D:4)
  17 kobolds
  2 kobold zombies (D:4)
  5 orc zombies (D:4)
  7 rats
190 creatures vanquished.

Vanquished Creatures (collateral kills)
  An orc warrior (D:7)
  A black bear (D:8)
  2 bullfrogs
  2 orc priests
  An orc wizard (D:8)
  A gnoll (D:7)
  An adder (D:3)
  A white imp (D:8)
  An orc (D:7)
  A bat (D:2)
  2 endoplasms
  5 goblins
  A frilled lizard (D:3)
  A kobold (D:7)
21 creatures vanquished.

Vanquished Creatures (others)
  A water moccasin zombie (D:8)
  2 bullfrog zombies (D:7)
  2 centaur zombies
  A scorpion zombie (D:8)
  A howler monkey zombie (D:9)
  3 gnoll zombies (D:7)
  2 kobold zombies (D:8)
  4 orc zombies
16 creatures vanquished.

Grand Total: 227 creatures vanquished

Notes
Turn   | Place    | Note
-------+----------+-------------------------------------------
     0 | D:1      | dohliylev the Mummy Necromancer began the quest for the
                  | Orb.
     0 | D:1      | Reached XP level 1. HP: 13/13 MP: 4/4
   104 | D:1      | Reached skill level 3 in Spellcasting
   192 | D:1      | Reached XP level 2. HP: 19/19 MP: 3/6
  1115 | D:2      | Noticed Natasha
  1118 | D:2      | Reached XP level 3. HP: 24/24 MP: 4/7
  1121 | D:2      | Killed Natasha
  1186 | D:2      | Noticed Natasha
  1191 | D:2      | Killed Natasha
  1192 | D:2      | Reached skill level 4 in Spellcasting
  1192 | D:2      | Reached XP level 4. HP: 30/30 MP: 6/10
  1196 | D:2      | Learned a level 3 spell: Vampiric Draining
  1384 | D:2      | Reached skill level 5 in Necromancy
  1499 | D:2      | Noticed Natasha
  1502 | D:2      | Killed Natasha
  1691 | D:2      | Reached skill level 5 in Spellcasting
  1910 | D:2      | Reached XP level 5. HP: 35/35 MP: 10/12
  2170 | D:3      | Noticed Robin
  2176 | D:3      | Noticed Terence
  2195 | D:3      | Killed Terence
  2212 | D:3      | HP: 1/35 [goblin/+0 dagger[Robin] (2)]
  2351 | D:3      | Killed Robin
  2408 | D:3      | Found a broken altar of Ashenzari.
  2450 | D:3      | Identified the +5 falchion "Doynk" {freeze, rF+ Dex+2}
  2837 | D:4      | Found a glowing drain.
  2866 | Sewer    | Entered a sewer
  3095 | Sewer    | Reached XP level 6. HP: 8/41 MP: 10/14
  3233 | Sewer    | Reached skill level 6 in Spellcasting
  3303 | Sewer    | Learned a level 5 spell: Agony
  3619 | D:4      | Reached XP level 7. HP: 29/46 MP: 13/17
  3734 | D:4      | Reached skill level 7 in Spellcasting
  3819 | D:4      | Noticed Blork the orc
  3828 | D:4      | Killed Blork the orc
  4246 | D:5      | Entered Level 5 of the Dungeon
  4411 | D:5      | Reached XP level 8. HP: 52/52 MP: 16/19
  4449 | D:5      | Reached skill level 8 in Spellcasting
  4803 | D:5      | Reached skill level 9 in Spellcasting
  4966 | D:6      | Found Ekhliyro's Self-Improvement Boutique.
  5058 | D:6      | Found a staircase to the Ecumenical Temple.
  5421 | D:6      | Reached XP level 9. HP: 40/57 MP: 11/22
  5425 | D:6      | Reached skill level 10 in Spellcasting
  5774 | Temple   | Entered the Ecumenical Temple
  5833 | Temple   | Became a worshipper of Yredelemnul the Dark
  6367 | D:7      | Reached * piety under Yredelemnul
  6909 | D:7      | Found a transporter.
  6911 | D:7      | Found Mumpat's Weapon Boutique.
  7313 | D:7      | Found a transporter.
  7365 | D:8      | Reached skill level 10 in Necromancy
  7638 | D:7      | Reached skill level 11 in Spellcasting
  7733 | D:8      | Reached ** piety under Yredelemnul
  7740 | D:8      | Reached XP level 10. HP: 39/63 MP: 13/25
  7746 | D:8      | Found a staircase to the Lair.
  7749 | D:8      | Reached *** piety under Yredelemnul
  7847 | D:8      | Found a shimmering blue altar of Sif Muna.
  7847 | D:8      | Found a burning altar of Makhleb.
  8493 | D:9      | HP: 1/63 [troll (12)]
  8496 | D:9      | Mangled by a troll

Illustrated notes

Levels and vault maps discovered:
D:1:      dpeg_arrival_simpleton_c, layout_loops_ring, minmay_misc_feat_pillars
D:2:      layout_loops_ring, minivault_5, uniq_natasha
D:3:      layout_basic, evilmike_ruin_ashenzari, uniq_robin, uniq_terence
D:4:      layout_cave_pools, nicolae_tso_besieged_by_evil, portal_sewer_entry_a,
          uniq_blork_the_orc
D:5:      layout_rooms, minmay_misc_feat_hallway, minmay_fractal_squares_5
D:6:      layout_layer_cave, minmay_temple_entry_hall,
          chequers_serial_rivers_micro_d, wad_floor_pattern_2,
          eino_small_chamber_without_monster, nicolae_shop_self_help
D:7:      layout_basic, serial_shops, nicolae_shop_drivethru
D:8:      layout_rooms, gammafunk_temple_overflow_forgotten,
          due_lair_maze_entry_diamond
D:9:      layout_basic, orc_0_dummy, kennysheep_generic_room_9
Temple:   minmay_crystal_spiral_temple

Skill      XL: |  1  2  3  4  5  6  7  8  9 |
---------------+----------------------------+-----
Spellcasting   | 3 4 5 6 7 9 11 | 11.7
Necromancy     | 5 6 7 8 10 | 10.6
Stealth        | 2 3 |  3.3
Dodging        | 2 3 4 |  4.4

Action                     |  1- 3 |  4- 6 |  7- 9 | 10-12 || total
---------------------------+-------+-------+-------+-------++-------
  Melee: Falchion          |       |    52 |   207 |    31 ||   290
         Unarmed           |       |     3 |       |       ||     3
         Punch             |       |       |     2 |       ||     2
   Cast: Necrotise         |    43 |    98 |    76 |     2 ||   219
         Vampiric Draining |       |    10 |    34 |     5 ||    49
         Agony             |       |     1 |     3 |       ||     4
 Invoke: Recall Undead Har |       |       |     1 |       ||     1
    Use: Scroll            |       |     4 |     2 |       ||     6
   Stab: Sleeping          |       |     3 |     4 |       ||     7
 Armour: Robe              |     6 |    27 |   204 |    32 ||   269
         Animal skin       |       |    40 |    20 |       ||    60
         Skin              |       |       |     1 |       ||     1
  Dodge: Dodged            |     5 |    70 |   189 |    26 ||   290

Table legend: (Time is in decaauts)
 A = Elapsed time spent in this place.
 B = Non-inter-level travel time spent in this place.
 C = Inter-level travel time spent in this place.
 D = Time resting spent in this place.
 E = Time spent auto-exploring this place.
 F = Levels seen in this place.
 G = Mean time per level.
                   A        B        C        D        E       F      G
               +--------+--------+--------+--------+--------+-----+--------+
         Total |   8666 |   8458 |    208 |   1956 |   3991 |  11 |  787.8 |
       Dungeon |   7846 |   7753 |     93 |   1755 |   3735 |   9 |  871.8 |
        Temple |    118 |      3 |    115 |      0 |      0 |   1 |  118.0 |
         Sewer |    701 |    701 |      0 |    201 |    256 |   1 |  701.0 |
               +--------+--------+--------+--------+--------+-----+--------+

Top non-repeatable levels by time:
     D:7: 1449 daAuts
     D:6: 1151 daAuts
     D:2: 1125 daAuts
     D:1: 963 daAuts
     D:4: 834 daAuts
     D:3: 740 daAuts
     D:5: 733 daAuts
   Sewer: 701 daAuts
     D:8: 651 daAuts
     D:9: 196 daAuts
  Temple: 118 daAuts
